 Dungeon Crawl Stone Soup version 0.16-a0-1301-gf74d490 (console) character file.

364 Orcus the Ogre Mage (level 6, 0/61 HPs)
             Began as an Ogre Fire Elementalist on Oct 15, 2014.
             Succumbed to Sigmund's poison
             ... on level 3 of the Dungeon.
             The game lasted 00:12:10 (2049 turns).

Orcus the Ogre Mage (Ogre Fire Elementalist)        Turns: 2049, Time: 00:12:11

Health: 0/61       AC:  4    Str: 15    XL:     6   Next: 67%
Magic:  6/13       EV: 10    Int: 15    God:
Gold:   86         SH:  0    Dex: 10    Spells: 3 memorised, 3 levels left

rFire  . . .     SeeInvis .     z - +0 mace
rCold  . . .     Clarity  .     a - +0 robe
rNeg   + . .     SustAb   .     (shield restricted)
rPois  .         Gourm    .     (helmet restricted)
rElec  .         Spirit   .     t - +0 cloak
rCorr  +         Warding  .     (gloves unavailable)
rMut   .         Stasis   .     (boots unavailable)
MR     .....                    x - amulet of resist corrosion
Stlth  +.........               (no ring)
                                f - ring of positive energy

@: lethally poisoned, not resistant to hostile enchantments, very unstealthy
A: unfitting armour, tough skin 1
a: no special abilities


You were on level 3 of the Dungeon.
You were not hungry.

You visited 1 branch of the dungeon, and saw 3 of its levels.

You collected 86 gold pieces.

Inventory:

Hand weapons
 q - a +0 club
 z - a +0 mace (weapon)
Missiles
 e - 14 sling bullets of flame
 n - 28 poisoned needles
 u - 7 tomahawks (quivered)
Armour
 a - a +0 robe (worn)
 t - a +0 cloak (worn)
Jewellery
 f - a ring of positive energy (left hand)
 x - an amulet of resist corrosion (around neck)
 B - an uncursed ring of fire
Magical devices
 d - a wand of cold (0)
 s - a wand of digging (12)
Scrolls
 g - a scroll of remove curse {unknown}
 i - a scroll of enchant weapon {unknown}
 l - 2 scrolls of teleportation {unknown}
 o - a scroll of fog {unknown}
 r - a scroll of enchant armour {unknown}
 v - a scroll of amnesia {unknown}
 y - a scroll of random uselessness {unknown}
Potions
 j - 2 potions of magic {unknown}
 p - a potion of restore abilities {unknown}
Books
 b - a book of Flames

   Spells                             Type                      Level
   *Flame Tongue                      Conjuration/Fire             1
   Throw Flame                        Conjuration/Fire             2
   *Conjure Flame                     Conjuration/Fire             3
   Inner Flame                        Hexes/Fire                   3
   *Sticky Flame                      Conjuration/Fire             4
   Fireball                           Conjuration/Fire             5
Comestibles
 c - 4 meat rations
 k - a beef jerky
 m - 3 bread rations
 w - a royal jelly
 A - a chunk of orc flesh


   Skills:
 + Level 3.2 Fighting
 + Level 2.7 Dodging
 - Level 2.0 Stealth
 + Level 3.4 Spellcasting
 * Level 2.6 Conjurations
 * Level 3.2 Fire Magic


You had 3 spell levels left.
You knew the following spells:

 Your Spells              Type           Power        Failure   Level  Hunger
a - Flame Tongue          Conj/Fire      ##...        8%          1    None
b - Conjure Flame         Conj/Fire      ##......     21%         3    ###....
c - Sticky Flame          Conj/Fire      ##......     67%         4    ####...


Dungeon Overview and Level Annotations

Branches:
Dungeon (3/15)

Altars:
Trog
Xom


Innate Abilities, Weirdness & Mutations

You are too large for most types of armour.
You have tough skin (AC +1).


Message History

Nothing appears to happen.
You feel sick. Something hits you!
* * * LOW HITPOINT WARNING * * *
You are more poisoned.
Drink which item? (? for menu, Esc to quit)
You can't drink that!
Drink which item? (? for menu, Esc to quit)
You feel better.
Evoke which item? (* to show all) (? for menu, Esc to quit)
Okay, then.
Unknown command.
Press: ? - help, v - describe, . - travel The floor.
Unknown command.
You hit something. Something hits you.
* * * LOW HITPOINT WARNING * * *
You are lethally poisoned!
You hit something.
Reactivating autopickup.
You feel a bit more experienced.
You die...

...# #####.#..# #..%.#.# .######
#........# ##.#<#.# ..
...#####.###.##.# ######.#
..........>.# #.##.# #......#
#####.#####.# #.##.### #.#######
#.# #.# #......# #.#.....##
#.#####.######.#.# #.#......#
#.##.....#####.#.# #)#......#
###.##.....#.)@....# #.#......#
###.%........#.###...###.#......#
....#........#.#.........###.##.
.######......#.#.....##### .. .#
########.##...## .# ..@...###.##
.# ##### #)# .### ..[......# ...#
#####o###


There were no monsters in sight!

Vanquished Creatures
  Sigmund (D:3)
  2 orc wizards (D:3)
  An orc priest (D:3)
  Jessica (D:3)
  4 gnolls (D:2)
  6 adders
  3 giant mites
  A worm (D:3)
  A giant gecko (D:1)
  4 orcs (D:3)
  A ball python (D:1)
  10 hobgoblins
  11 kobolds
  A quokka (D:2)
  4 bats
  3 giant cockroaches
  6 giant newts
  2 gnoll zombies (D:3)
  13 goblins
  4 rats
79 creatures vanquished.

Notes
Turn   | Place    | Note
--------------------------------------------------------------
     0 | D:1      | Orcus, the Ogre Fire Elementalist, began the quest for the Orb.
     0 | D:1      | Reached XP level 1. HP: 16/16 MP: 3/3
   100 | D:1      | Reached skill level 1 in Fighting
   100 | D:1      | Reached XP level 2. HP: 14/27 MP: 0/5
   499 | D:1      | Reached XP level 3. HP: 30/35 MP: 1/6
   578 | D:1      | Reached skill level 1 in Conjurations
   792 | D:2      | Found a bloodstained altar of Trog.
   807 | D:2      | Reached XP level 4. HP: 40/42 MP: 0/8
  1090 | D:2      | Learned a level 3 spell: Conjure Flame
  1095 | D:2      | Learned a level 4 spell: Sticky Flame
  1148 | D:2      | Reached XP level 5. HP: 42/50 MP: 7/10
  1355 | D:3      | Found a shimmering altar of Xom.
  1479 | D:3      | Reached skill level 3 in Spellcasting
  1605 | D:3      | Noticed Jessica
  1610 | D:3      | Killed Jessica
  1834 | D:3      | Reached XP level 6. HP: 55/61 MP: 8/13
  1998 | D:3      | Noticed Sigmund
  2046 | D:3      | HP: 1/61 [something (11)]
  2049 | D:3      | Killed Sigmund
  2049 | D:3      | Succumbed to Sigmund's poison

Action                   |  1- 3 |  4- 6 || total
-------------------------+-------+-------++-------
Melee: Unarmed           |    21 |       ||    21
       Club              |     7 |    27 ||    34
       Mace              |       |     6 ||     6
Throw: Tomahawk          |       |     1 ||     1
 Cast: Flame Tongue      |    48 |   104 ||   152
       Conjure Flame     |       |     2 ||     2
Evoke: Wand              |       |     3 ||     3
  Use: Scroll            |       |     2 ||     2
       Potion            |       |     2 ||     2
  Eat: Chunk             |       |     5 ||     5
